 Dungeon Crawl Stone Soup version 0.28-a0-2-g643f2454ad (webtiles) character file.

Game seed: 12132468946050540474

6318 Blejac999 the Destroyer (level 10, -6/76 HPs)
             Began as a Gnoll Conjurer on July 22, 2021.
             Was a Believer of Vehumet.
             Mangled by a slime creature (16 damage)
             ... on level 9 of the Dungeon.
             The game lasted 00:32:43 (11449 turns).

Blejac999 the Destroyer (Gnoll Conjurer)           Turns: 11449, Time: 00:32:43

Health: -6/76      AC:  4    Str: 10    XL:     10   Next: 95%
Magic:  21/21      EV: 16    Int: 28    God:    Vehumet [**....]
Gold:   356        SH:  0    Dex: 18    Spells: 9/24 levels left

rFire   + . .      SeeInvis .   w - +1 spear (vamp)
rCold   . . .      Faith    .   x - +2 buckler
rNeg    . . .      Spirit   .   a - +1 robe
rPois   .          Reflect  .   (no helmet)
rElec   .          Harm     .   (no cloak)
rCorr   .          Rampage  .   o - +0 pair of gloves of Ragh {Drain rF+ Str+4 Int+2}
Will    .....                   (no boots)
Stlth   ++........              q - amulet of magic regeneration
HPRegen 0.22/turn               s - +6 ring of intelligence
MPRegen 0.42/turn               g - +6 ring of dexterity

@: confused, ambrosia-drunk, very slightly contaminated, invisible
A: fangs 1, strong nose, distributed training
a: Renounce Religion


You were on level 9 of the Dungeon.
You worshipped Vehumet.
Vehumet was pleased with you.
You visited 2 branches of the dungeon, and saw 11 of its levels.

You collected 356 gold pieces.

Inventory:

Hand Weapons
 w - a +1 vampiric spear (weapon)
Missiles
 p - 7 boomerangs of dispersal
 C - a curare-tipped dart
Armour
 a - a +1 robe (worn)
 l - a +1 chain mail of positive energy
 o - the +0 pair of gloves of Ragh (worn) {Drain rF+ Str+4 Int+2}
   (You found it on level 7 of the Dungeon)

   Str:       It affects your strength (+4).
   Int:       It affects your intelligence (+2).
   rF:        It protects you from fire.
   Drain:     It drains your maximum health when unequipped.
 x - a +2 buckler (worn)
Jewellery
 g - a +6 ring of dexterity (right hand)
 q - an amulet of magic regeneration (around neck)
 s - a +6 ring of intelligence (left hand)
Wands
 e - a wand of flame (42)
 i - a wand of iceblast (20)
 n - a wand of acid (9)
 v - a wand of digging (9)
Scrolls
 j - a scroll of immolation
 y - a scroll of amnesia
 B - 4 scrolls of identify
Potions
 b - a potion of flight
 c - 2 potions of attraction
 d - 2 potions of resistance
 k - a potion of brilliance
 m - 3 potions of haste
 u - a potion of mutation {unknown}
 z - a potion of degeneration {unknown}
 A - 2 potions of lignification {unknown}


   Skills:
 + Level 5.7 Fighting
 + Level 5.7 Short Blades
 + Level 5.7 Long Blades
 + Level 5.7 Axes
 + Level 5.7 Maces & Flails
 + Level 5.7 Polearms
 + Level 5.7 Staves
 + Level 5.7 Slings
 + Level 5.7 Bows
 + Level 5.7 Crossbows
 + Level 5.7 Throwing
 + Level 5.7 Armour
 + Level 7.4 Dodging
 + Level 7.2 Stealth
 + Level 5.7 Shields
 + Level 5.7 Unarmed Combat
 + Level 7.7 Spellcasting
 + Level 8.6 Conjurations
 + Level 4.7 Hexes
 + Level 4.7 Summonings
 + Level 4.7 Necromancy
 + Level 4.7 Translocations
 + Level 4.7 Transmutations
 + Level 4.7 Fire Magic
 + Level 4.7 Ice Magic
 + Level 4.7 Air Magic
 + Level 4.7 Earth Magic
 + Level 4.7 Poison Magic
 + Level 6.3 Invocations
 + Level 5.7 Evocations


You had 9 spell levels left.
You knew the following spells:

 Your Spells              Type           Power      Damage    Failure   Level
a - Magic Dart            Conj           100%       1d8       1%          1
b - Searing Ray           Conj           100%       3d7       1%          2
c - Ensorcelled Hibernat  Hex/Ice        74%        N/A       1%          2
d - Fulminant Prism       Conj/Hex       24%        3d13      3%          4
e - Summon Guardian Gole  Hex/Summ       37%        N/A       2%          3
f - Gell's Gravitas       Tloc           18%        N/A       2%          3

Your spell library contained the following spells:

 Spells                   Type           Power      Damage    Failure   Level
 Poisonous Vapours        Pois/Air       74%        N/A       1%          2
 Dazzling Flash           Conj/Hex       96%        N/A       1%          3
 Spider Form              Tmut/Pois      18%        N/A       2%          3
 Teleport Other           Tloc           37%        N/A       2%          3
 Iskenderun's Mystic Bla  Conj/Tloc      48%        2d11      3%          4
 Dispersal                Tloc           18%        N/A       73%         6
 Shadow Creatures         Summ           N/A        N/A       73%         6
 Orb of Destruction       Conj           28%        9d11      77%         7
 Spellforged Servitor     Conj/Summ      24%        N/A       95%         7


Dungeon Overview and Level Annotations

Branches:
Dungeon (10/15)            Temple (1/1) D:7
   Lair: D:8-11         Orc: D:9-12

Altars:
Ashenzari
Cheibriados
Dithmenos
Elyvilon
Fedhas
Gozag
Kikubaaqudgha
Makhleb
Nemelex Xobeh
Okawaru
Qazlal
Ru
Sif Muna
Trog
Uskayaw
Vehumet
Wu Jian
Xom
Yredelemnul
Zin
The Shining One
Lugonu

Annotations:
D:3 2 runed translucent doors, boben's ghost, amateur DsGl
D:9 Erolcha


Innate Abilities, Weirdness & Mutations

You have very sharp teeth.
Your uncanny sense of smell can sniff out nearby items.
Your experience applies equally to all skills.


Message History

The searing ray hits the slime creature!
The slime creature is moderately wounded. (Press . to maintain the ray.)
The slime creature hits you!
The searing ray hits the slime creature.
The slime creature is moderately wounded.
The slime creature hits you but does no damage.
You block the large slime creature's attack.
The searing ray hits the slime creature!
The slime creature is heavily wounded.
The large slime creature hits you!!
* * * LOW HITPOINT WARNING * * *
The slime creature hits you!
* * * LOW HITPOINT WARNING * * *
Unknown command.
Okay, then.
You are confused.
You feel invigorated.
The large slime creature closely misses you.
The slime creature closely misses you.
You are more confused.
You feel more invigorated.
The large slime creature closely misses you.
The slime creature hits you but does no damage.
You bump into the rock wall.
The large slime creature hits you.
* * * LOW HITPOINT WARNING * * *
The slime creature hits you!
* * * LOW HITPOINT WARNING * * *
You are too confused!
You fade into invisibility!
The large slime creature barely misses you.
The slime creature closely misses you.
You are very lightly contaminated with residual magic.
You hit the slime creature.
The slime creature is heavily wounded.
The slime creature hits you!
* * * LOW HITPOINT WARNING * * *
A large slime creature splits.
You're too confused to move!
The slime creature hits you!
You die...

############ #...<......#
#.########.# #.#
#.########## ### #.#
#...........
##.###.########..#########
#.#.^...J@JJ.....# ##...
##.###.####.###.## #....
#.# #.# #.###.# #..##
#.###.####..##.######..#
#...#.......≈..........#
#...#.......≈..#######.#
#..####...≈≈≈≈.# #.#
#...#.......≈..# #..
#...#...#...≈..# ##.#


You could see 3 slime creatures.

Vanquished Creatures
  The ghost of HAL9000 the Covert, a novice VSBr of Dithmenos (D:8)
  Pikel (D:5)
  A deep elf pyromancer (D:8)
  Joseph (D:9)
  A rust devil (D:9)
  A slime creature (D:9)
  A vampire mosquito (D:9)
  A wyvern (D:9)
  2 acid dragons (D:9)
  A water moccasin (D:7)
  2 orc warriors (D:9)
  3 sky beasts
  A black bear (D:7)
  An ogre (D:5)
  2 ice beasts
  2 centaurs (D:7)
  4 phantoms
  2 lemures (D:5)
  3 kobold brigands
  4 bullfrogs
  A wyvern zombie (D:5)
  3 gnoll sergeants
  3 scorpions
  A killer bee (D:7)
  A howler monkey (D:7)
  A centaur zombie (D:8)
  3 hounds
  2 bullfrog zombies (D:6)
  3 jellies
  6 quasits (D:8)
  7 orc priests
  2 centaur skeletons
  A scorpion zombie (D:5)
  2 iguanas (D:7)
  7 orc wizards
  A hound skeleton (D:4)
  2 howler monkey zombies (D:7)
  9 gnolls
  7 adders
  2 white imps
  4 dart slugs
  39 orcs
  7 ball pythons
  10 endoplasms
  3 giant cockroaches
  4 goblins
  7 hobgoblins
  6 jackals
  A quokka (D:5)
  3 bats
  3 frilled lizards
  17 kobolds
  5 rats
208 creatures vanquished.

Notes
Turn   | Place    | Note
-------+----------+-------------------------------------------
     0 | D:1      | Blejac999 the Gnoll Conjurer began the quest for the Orb.
     0 | D:1      | Reached XP level 1. HP: 13/13 MP: 6/6
   333 | D:1      | Reached XP level 2. HP: 19/19 MP: 5/7
   593 | D:1      | Learned a level 2 spell: Searing Ray
  1024 | D:1      | Found a faded altar of an unknown god.
  1112 | D:2      | Reached skill level 5 in Spellcasting
  1112 | D:2      | Reached XP level 3. HP: 25/25 MP: 4/9
  1272 | D:2      | Reached skill level 1 in Invocations
  1724 | D:2      | Reached skill level 1 in Fighting
  1724 | D:2      | Reached skill level 1 in Short Blades
  1724 | D:2      | Reached skill level 1 in Long Blades
  1724 | D:2      | Reached skill level 1 in Axes
  1724 | D:2      | Reached skill level 1 in Maces & Flails
  1724 | D:2      | Reached skill level 1 in Polearms
  1724 | D:2      | Reached skill level 1 in Staves
  1724 | D:2      | Reached skill level 1 in Slings
  1724 | D:2      | Reached skill level 1 in Bows
  1724 | D:2      | Reached skill level 1 in Crossbows
  1724 | D:2      | Reached skill level 1 in Throwing
  1724 | D:2      | Reached skill level 1 in Armour
  1724 | D:2      | Reached skill level 1 in Shields
  1724 | D:2      | Reached skill level 1 in Unarmed Combat
  1724 | D:2      | Reached skill level 1 in Evocations
  1765 | D:2      | Reached XP level 4. HP: 32/32 MP: 8/11
  2321 | D:3      | Found a runed translucent door.
  2325 | D:3      | Noticed boben's ghost (amateur DsGl)
  2399 | D:3      | Found a broken altar of Ashenzari.
  2400 | D:3      | Found a bloodstained altar of Trog.
  2401 | D:3      | Found an iron altar of Okawaru.
  2619 | D:3      | Learned a level 2 spell: Ensorcelled Hibernation
  2786 | D:3      | Found a runed translucent door.
  2917 | D:4      | Reached skill level 1 in Hexes
  2917 | D:4      | Reached skill level 1 in Summonings
  2917 | D:4      | Reached skill level 1 in Necromancy
  2917 | D:4      | Reached skill level 1 in Translocations
  2917 | D:4      | Reached skill level 1 in Transmutations
  2917 | D:4      | Reached skill level 1 in Fire Magic
  2917 | D:4      | Reached skill level 1 in Ice Magic
  2917 | D:4      | Reached skill level 1 in Air Magic
  2917 | D:4      | Reached skill level 1 in Earth Magic
  2917 | D:4      | Reached skill level 1 in Poison Magic
  3015 | D:3      | Reached XP level 5. HP: 29/37 MP: 7/12
  3583 | D:4      | Noticed an ice beast
  3593 | D:4      | Killed an ice beast
  3594 | D:4      | Reached XP level 6. HP: 44/44 MP: 6/13
  3704 | D:5      | Entered Level 5 of the Dungeon
  3711 | D:5      | Reached skill level 5 in Dodging
  4071 | D:5      | Reached XP level 7. HP: 51/51 MP: 7/15
  4308 | D:5      | Reached skill level 5 in Stealth
  4464 | D:5      | Found a white marble altar of Elyvilon.
  4485 | D:5      | Found Dixt's Antique Weapon Shop.
  4568 | D:5      | Noticed Pikel
  4646 | D:5      | Killed Pikel
  4647 | D:5      | Reached XP level 8. HP: 25/58 MP: 0/17
  4876 | D:5      | Found a shimmering altar of Xom.
  5037 | D:5      | Found a hide-covered altar of Uskayaw.
  5846 | D:6      | Reached XP level 9. HP: 65/65 MP: 13/18
  6089 | D:6      | Learned a level 4 spell: Fulminant Prism
  6093 | D:6      | Learned a level 3 spell: Summon Guardian Golem
  6097 | D:6      | Learned a level 3 spell: Gell's Gravitas
  6471 | D:6      | Found a shimmering altar of Xom.
  6818 | D:7      | Found a staircase to the Ecumenical Temple.
  6827 | Temple   | Entered the Ecumenical Temple
  6877 | Temple   | Became a worshipper of Vehumet
  6935 | D:7      | Reached skill level 8 in Conjurations
  6942 | D:7      | Identified the +0 pair of gloves of Ragh {Drain rF+ Str+4
                  | Int+2}
  7661 | D:7      | Reached skill level 5 in Invocations
  8374 | D:8      | Reached * piety under Vehumet
  8374 | D:8      | Offered knowledge of Sandblast by Vehumet.
  8505 | D:8      | Found a transporter.
  8510 | D:8      | Reached XP level 10. HP: 58/73 MP: 16/20
  8577 | D:8      | Noticed HAL9000's ghost (novice VSBr)
  8593 | D:8      | Found a transporter.
  8595 | D:8      | Found a glowing silver altar of Zin.
  8782 | D:8      | Found a shimmering blue altar of Sif Muna.
  8782 | D:8      | Found a blossoming altar of Fedhas.
  8789 | D:8      | Found a stormy altar of Qazlal.
  8791 | D:8      | Found a glowing golden altar of the Shining One.
  8793 | D:8      | Found a faded altar of an unknown god.
  9074 | D:8      | Noticed a deep elf pyromancer
  9083 | D:8      | Killed a deep elf pyromancer
  9084 | D:8      | Reached skill level 5 in Fighting
  9084 | D:8      | Reached skill level 5 in Short Blades
  9084 | D:8      | Reached skill level 5 in Long Blades
  9084 | D:8      | Reached skill level 5 in Axes
  9084 | D:8      | Reached skill level 5 in Maces & Flails
  9084 | D:8      | Reached skill level 5 in Polearms
  9084 | D:8      | Reached skill level 5 in Staves
  9084 | D:8      | Reached skill level 5 in Slings
  9084 | D:8      | Reached skill level 5 in Bows
  9084 | D:8      | Reached skill level 5 in Crossbows
  9084 | D:8      | Reached skill level 5 in Throwing
  9084 | D:8      | Reached skill level 5 in Armour
  9084 | D:8      | Reached skill level 5 in Shields
  9084 | D:8      | Reached skill level 5 in Unarmed Combat
  9084 | D:8      | Reached skill level 5 in Evocations
  9269 | D:8      | Noticed a rust devil
  9269 | D:8      | Noticed a rust devil
  9408 | D:9      | Noticed Joseph
  9435 | D:9      | Killed Joseph
  9837 | D:9      | Killed a rust devil
 10445 | D:9      | Found a basalt altar of Yredelemnul.
 10720 | D:9      | Found an ornate altar of the Wu Jian Council.
 10822 | D:9      | Noticed Erolcha
 11095 | D:8      | Killed HAL9000's ghost
 11204 | D:9      | Found a sacrificial altar of Ru.
 11224 | D:9      | Reached ** piety under Vehumet
 11350 | D:10     | Entered Level 10 of the Dungeon
 11362 | D:9      | Offered knowledge of Poisonous Vapours by Vehumet.
 11443 | D:9      | HP: 3/76 [slime creature (13)]
 11449 | D:9      | Mangled by a slime creature

Illustrated notes

Levels and vault maps discovered:
D:1:      heliophobic_arrival_battle_scene, layout_loops_corners,
          hellmonk_ecumenical_altar_prayer_group
D:2:      layout_loops_ring
D:3:      layout_loops_ring, chequers_temple_overflow_statue_of_worship,
          ebering_ghost_sewer_f
D:4:      layout_cave_pools
D:5:      layout_loops_ring, mainiacjoe_overflow_paths,
          nicolae_uskayaw_dance_hall, elyvilon_altar_1, serial_shops, shop,
          uniq_pikel
D:6:      layout_cave_pools, serial_park, serial_park_square2,
          serial_park_gazebo [serial_park_minivault_5x5_2], serial_park_square2,
          serial_park_tiny_1, chequers_serial_rivers_room_a, chequers_garden
D:7:      minmay_octagon_keep, layout_basic, minmay_temple_entry_antechambers
D:8:      cheibrodos_iron_armory, layout_basic, lemuel_crystal_altar,
          chequers_temple_overflow_minitemple, gammafunk_ghost_stat_death
D:9:      layout_loops_ring, mainiacjoe_overflow_cross_hatched,
          mainiacjoe_overflow_six_doors_small, hangedman_ru_absence,
          columned_hall_lemuel, glass_columns_c, uniq_joseph, uniq_erolcha
D:10:     layout_long_grid, worldfamousw_hep_ancestral_shrine,
          gammafunk_ghost_abyssal_escape
Temple:   corrupted_temple

Skill      XL: |  1  2  3  4  5  6  7  8  9 10 |
---------------+-------------------------------+-----
Spellcasting   | 5 6 7 |  7.7
Invocations    | 1 2 3 4 5 6 |  6.3
Fighting       | 1 2 3 4 5 |  5.7
Short Blades   | 1 2 3 4 5 |  5.7
Long Blades    | 1 2 3 4 5 |  5.7
Axes           | 1 2 3 4 5 |  5.7
Maces & Flails | 1 2 3 4 5 |  5.7
Polearms       | 1 2 3 4 5 |  5.7
Staves         | 1 2 3 4 5 |  5.7
Slings         | 1 2 3 4 5 |  5.7
Bows           | 1 2 3 4 5 |  5.7
Crossbows      | 1 2 3 4 5 |  5.7
Throwing       | 1 2 3 4 5 |  5.7
Armour         | 1 2 3 4 5 |  5.7
Shields        | 1 2 3 4 5 |  5.7
Unarmed Combat | 1 2 3 4 5 |  5.7
Evocations     | 1 2 3 4 5 |  5.7
Hexes          | 1 2 3 4 |  4.7
Summonings     | 1 2 3 4 |  4.7
Necromancy     | 1 2 3 4 |  4.7
Translocations | 1 2 3 4 |  4.7
Transmutations | 1 2 3 4 |  4.7
Fire Magic     | 1 2 3 4 |  4.7
Ice Magic      | 1 2 3 4 |  4.7
Air Magic      | 1 2 3 4 |  4.7
Earth Magic    | 1 2 3 4 |  4.7
Poison Magic   | 1 2 3 4 |  4.7
Dodging        | 5 6 7 |  7.4
Stealth        | 5 6 7 |  7.2
Conjurations   | 8 |  8.6

Action                   |  1- 3 |  4- 6 |  7- 9 | 10-12 || total
-------------------------+-------+-------+-------+-------++-------
Melee: Unarmed           |    10 |       |       |       ||    10
       Bite              |     1 |     1 |     3 |     1 ||     6
       Hand axe          |       |     5 |    33 |       ||    38
       Spear             |       |       |    20 |    45 ||    65
 Cast: Magic Dart        |    52 |    86 |   239 |    61 ||   438
       Searing Ray       |       |     7 |    26 |    31 ||    64
       Summon Guardian G |       |       |       |     1 ||     1
  Use: Scroll            |     4 |     6 |     9 |     2 ||    21
       Potion            |     3 |       |     1 |    11 ||    15
 Stab: Distracted        |       |     1 |       |       ||     1
       Sleeping          |       |       |     1 |       ||     1
Armor: Robe              |     2 |     1 |    23 |    43 ||    69
Dodge: Dodged            |     3 |    16 |    92 |   138 ||   249
Block: Buckler           |       |     2 |    43 |    69 ||   114

Table legend: (Time is in decaauts)
 A = Elapsed time spent in this place.
 B = Non-inter-level travel time spent in this place.
 C = Inter-level travel time spent in this place.
 D = Time resting spent in this place.
 E = Time spent auto-exploring this place.
 F = Levels seen in this place.
 G = Mean time per level.
                   A        B        C        D        E       F      G
               +--------+--------+--------+--------+--------+-----+--------+
         Total |  11463 |  11274 |    189 |   3821 |   5565 |  11 | 1042.1 |
       Dungeon |  11400 |  11211 |    189 |   3821 |   5565 |  10 | 1140.0 |
        Temple |     62 |     62 |      0 |      0 |      0 |   1 |   62.0 |
               +--------+--------+--------+--------+--------+-----+--------+

Top non-repeatable levels by time:
     D:5: 1881 daAuts
     D:9: 1866 daAuts
     D:7: 1510 daAuts
     D:8: 1327 daAuts
     D:1: 1075 daAuts
     D:6: 1049 daAuts
     D:2: 972 daAuts
     D:3: 943 daAuts
     D:4: 765 daAuts
  Temple: 62 daAuts
    D:10: 8 daAuts
